 Dungeon Crawl Stone Soup version 0.23.1 (webtiles) character file.

Game seed: 0

8082 vladvlad the Transmogrifier (level 11, -1/86 HPs)
             Began as a Red Draconian Transmuter on Mar 6, 2019.
             Was a Priest of Vehumet.
             Killed from afar by Erolcha (24 damage)
             ... with a bolt of lightning
             ... on level 10 of the Dungeon.
             The game lasted 01:56:00 (12598 turns).

vladvlad the Transmogrifier (DrTm)                 Turns: 12598, Time: 01:56:00

Health: -1/86      AC:  8    Str: 12    XL:     11   Next: 5%
Magic:  21/25      EV: 12    Int: 17    God:    Vehumet [***...]
Gold:   745        SH:  0    Dex: 12    Spells: 20/30 levels left

rFire    + . .     SeeInvis .     - Unarmed
rCold    . . .     Gourm    .   (shield currently unavailable)
rNeg     . . .     Faith    .   (armour unavailable)
rPois    .         Spirit   .   (helmet restricted)
rElec    .         Reflect  .   (no cloak)
rCorr    .         Harm     .   (gloves currently unavailable)
MR       .....                  S - +0 pair of boots
Stlth    +.........             (no amulet)
HPRegen  0.24/turn              j - +4 ring of slaying
MPRegen  0.19/turn              M - ring of flight

@: blade hands
A: breathe fire, unfitting armour, fire resistance 1, cold-blooded, AC +7
a: Breathe Fire, End Transformation, Renounce Religion, Evoke Flight


You were on level 10 of the Dungeon.
You worshipped Vehumet.
Vehumet was most pleased with you.
You were not hungry.
You had blades for hands.
You visited 2 branches of the dungeon, and saw 11 of its levels.

You collected 815 gold pieces.
You spent 70 gold pieces at shops.

Inventory:

Hand Weapons
 d - a +1 spear of freezing
 D - a +0 trident of protection (melded)
Missiles
 a - 74 arrows
 q - 5 tomahawks of returning
 t - 4 tomahawks of dispersal (quivered)
 I - 10 tomahawks
Armour
 v - a +0 buckler
 K - a +0 shield
 S - a +0 pair of boots (worn)
Magical Staves
 e - an uncursed staff of death
 L - an uncursed staff of fire
Jewellery
 j - a +4 ring of slaying (left scythe-like blade)
 w - an uncursed ring of fire
 C - an uncursed ring of protection from fire {unknown}
 M - a ring of flight (right scythe-like blade)
 W - a +3 ring of evasion {unknown}
Wands
 y - a wand of enslavement (8)
 H - a wand of flame (34)
 P - a wand of polymorph (6)
 Q - a wand of acid (9)
 U - a wand of digging (7)
Scrolls
 f - 2 scrolls of immolation
 g - 2 scrolls of random uselessness {unknown}
 h - 5 scrolls of identify
 i - 4 scrolls of enchant armour
 m - 5 scrolls of remove curse
 s - 2 scrolls of magic mapping {unknown}
 u - 2 scrolls of fear {unknown}
 z - 4 scrolls of teleportation
 A - 2 scrolls of noise {unknown}
 B - a scroll of amnesia
 F - a scroll of fog {unknown}
 G - a scroll of torment {unknown}
 J - a scroll of enchant weapon {unknown}
 N - a scroll of vulnerability {unknown}
 V - a scroll of blinking {unknown}
Potions
 b - 4 potions of brilliance
 k - a potion of degeneration {unknown}
 l - 2 potions of lignification
 n - 3 potions of agility
 o - a potion of mutation {unknown}
 p - 4 potions of resistance {unknown}
 r - 7 potions of curing {unknown}
 x - a potion of haste {unknown}
 E - a potion of might {unknown}
 O - a potion of heal wounds
 R - a potion of cancellation {unknown}
Comestibles
 c - 23 rations


   Skills:
 - Level 5.0 Fighting
 + Level 0.7 Polearms
 - Level 2.2 Dodging
 + Level 3.7 Shields
 - Level 6.0 Unarmed Combat
 * Level 10.0 Spellcasting
 * Level 10.7 Transmutations


You had 20 spell levels left.
You knew the following spells:

 Your Spells              Type           Power        Failure   Level  Hunger
a - Blade Hands           Tmut           #####.....   24%         5    #####..
b - Sticks to Snakes      Tmut           #####...     8%          2    None
c - Spider Form           Tmut/Pois      ####......   24%         3    None

Your spell library contained the following spells:

 Spells                   Type           Power        Failure   Level  Hunger
 Stone Arrow              Conj/Erth      #.....       24%         3    None
 Beastly Appendage        Tmut           #####.       7%          1    None
 Freeze                   Ice            #...         13%         1    None
 Throw Frost              Conj/Ice       #.....       16%         2    None
 Animate Skeleton         Necr           N/A          43%         1    None
 Pain                     Necr           #...         43%         1    None
 Ice Form                 Ice/Tmut       ####....     45%         4    ###....
 Throw Icicle             Conj/Ice       #.......     50%         4    ###....
 Ozocubu's Armour         Chrm/Ice       #.......     69%         3    None
 Regeneration             Chrm/Necr      #.........   69%         3    None
 Vampiric Draining        Necr           #.........   69%         3    None
 Animate Dead             Necr           N/A          93%         4    ###....
 Summon Ice Beast         Ice/Summ       #.......     93%         4    ###....


Dungeon Overview and Level Annotations

Branches:
Dungeon (10/15)            Temple (1/1) D:6            Lair (0/6) D:9
    Orc (0/2) D:10

Altars:
Ashenzari
Cheibriados
Dithmenos
Elyvilon
Fedhas
Gozag
Hepliaklqana
Kikubaaqudgha
Makhleb
Nemelex Xobeh
Okawaru
Qazlal
Ru
Sif Muna
Trog
Uskayaw
Vehumet
Wu Jian
Xom
Yredelemnul
Zin
The Shining One

Shops:
D:9 !

Annotations:
D:10 Erolcha


Innate Abilities, Weirdness & Mutations

You can breathe blasts of fire.
Your fiery red scales are hard. (AC +7)
You cannot fit into any form of body armour.
Your flesh is heat resistant. (rF+)
You are cold-blooded and may be slowed by cold attacks.


Message History

Erolcha the Cunning comes into view.
She is wielding a +0 giant club.
Items here: % ) [ รท a +0 dagger; a +0 robe; 2 chunks of flesh; an orc skeleton Your hands revert to their normal proportions.
Your +0 trident of protection unmelds from your body.
Your +0 trident of protection hums with potential!
Erolcha gestures wildly while chanting.
Erolcha flickers and vanishes!
Deactivating autopickup; reactivate with Ctrl-A.
Casting: Blade Hands (safe; 2% risk of failure)
Confirm with . or Enter, or press ? or * to list all spells.
Your hands turn into razor-sharp scythe blades.
Your +0 trident of protection melds into your body.
Your +0 trident of protection goes still.
You hear some strange, mumbled words.
A bolt of lightning appears from out of thin air!
The bolt of lightning hits you!
* * * LOW HITPOINT WARNING * * *
The bolt of lightning hits you!!
You die...

#..#.>.##..#..###........
.#..#......#...##........
#..##..#.#.###.##........
..#....##.#####.#........
..#.#.#...###..##........
#...#..##.......#{.......
.#.##.##..##..###........
..#.....#^#....##)#
#####..###.####.@.#
###....# ##### #..## ####


There were no monsters in sight!

Vanquished Creatures
  A two-headed ogre (D:10)
  Pikel (D:8)
  Joseph (D:9)
  A komodo dragon (D:10)
  A hippogriff (D:5)
  A wyvern (D:10)
  4 yaks (D:10)
  Grum (D:9)
  6 hungry ghosts
  A black bear (D:9)
  4 orc warriors
  A slave (D:8)
  5 ice beasts
  A sky beast (D:6)
  4 wolves (D:9)
  7 ogres
  2 centaurs (D:9)
  A crocodile (D:8)
  A big kobold (D:10)
  8 bullfrogs
  A gnoll sergeant (D:5)
  A scorpion (D:8)
  2 troll zombies (D:10)
  3 killer bees (D:8)
  5 wights (D:7)
  A howler monkey (D:8)
  2 crimson imps
  A centaur zombie (D:10)
  A bullfrog zombie (D:5)
  A quasit (D:8)
  2 jellies
  5 orc priests
  2 hounds
  A bullfrog skeleton (D:8)
  2 iguanas
  11 orc wizards
  3 worker ants
  A killer bee zombie (D:8)
  4 ogre zombies (D:10)
  A hound zombie (D:7)
  A worker ant zombie (D:5)
  A hound skeleton (D:6)
  4 gnolls (D:5)
  8 adders
  3 shadow imps (D:5)
  An ooze (D:2)
  2 adder skeletons
  A worm (D:2)
  4 dart slugs
  3 leopard geckos
  27 orcs
  3 giant cockroaches
  6 goblins
  9 hobgoblins
  11 jackals
  4 quokkas
  A ball python (D:1)
  10 bats
  3 frilled lizards
  A giant cockroach zombie (D:5)
  3 goblin skeletons (D:10)
  5 goblin zombies (D:10)
  A hobgoblin skeleton (D:10)
  A hobgoblin zombie (D:10)
  10 kobolds
  2 orc skeletons (D:10)
  7 orc zombies (D:10)
  2 rats (D:2)
236 creatures vanquished.

Vanquished Creatures (collateral kills)
  An orc warrior (D:5)
  An ooze (D:3)
  A worm (D:2)
  A leopard gecko (D:5)
  4 orcs
  A giant cockroach (D:2)
  A goblin (D:2)
  A hobgoblin (D:2)
  4 jackals
  A quokka (D:2)
  A frilled lizard (D:2)
  2 kobolds (D:2)
  A leopard gecko zombie (D:5)
  A rat (D:2)
21 creatures vanquished.

Vanquished Creatures (others)
  2 slaves (D:8)
  A killer bee (D:8)
  A shadow imp (D:8)
  An adder zombie (D:8)
  4 orcs (D:8)
  3 jackals (D:8)
  A leopard gecko zombie (D:8)
  A fungus (D:8)
  4 toadstools (D:8)
18 creatures vanquished.

Grand Total: 275 creatures vanquished

Notes
Turn   | Place    | Note
-------+----------+-------------------------------------------
     0 | D:1      | vladvlad the Draconian Transmuter began the quest for the
                  | Orb.
     0 | D:1      | Reached XP level 1. HP: 16/16 MP: 3/3
   375 | D:1      | Reached XP level 2. HP: 23/23 MP: 3/5
  1003 | D:2      | Learned a level 2 spell: Sticks to Snakes
  1034 | D:2      | Reached XP level 3. HP: 28/28 MP: 1/6
  1579 | D:2      | Found a shattered altar of Ashenzari.
  2149 | D:3      | Reached XP level 4. HP: 33/35 MP: 6/8
  2908 | D:4      | Reached XP level 5. HP: 28/41 MP: 9/9
  3300 | D:5      | Entered Level 5 of the Dungeon
  3330 | D:5      | HP: 2/61 [orc/+0 short sword (4)]
  3583 | D:5      | Found a stormy altar of Qazlal.
  3584 | D:5      | Noticed an orc warrior
  3614 | D:5      | Killed an orc warrior
  3614 | D:5      | Reached XP level 6. HP: 26/49 MP: 2/11
  4000 | D:5      | Noticed an ice beast
  4288 | D:5      | Killed an ice beast
  4293 | D:5      | Learned a level 3 spell: Spider Form
  4447 | D:5      | Found a shattered altar of Ashenzari.
  4447 | D:5      | Noticed a hippogriff
  4516 | D:5      | Killed a hippogriff
  4516 | D:5      | Your scales start taking on a fiery red colour.
  4516 | D:5      | Reached XP level 7. HP: 20/57 MP: 8/13
  4516 | D:5      | Gained mutation: Your flesh is heat resistant. (rF+) [Red
                  | Draconian growth]
  4727 | D:5      | Reached skill level 5 in Transmutations
  4938 | D:5      | Reached skill level 5 in Spellcasting
  5706 | D:6      | Found a stormy altar of Qazlal.
  6092 | D:6      | Reached XP level 8. HP: 55/66 MP: 13/16
  6365 | D:6      | Found an opulent altar of Gozag.
  6614 | D:6      | Found a staircase to the Ecumenical Temple.
  6622 | Temple   | Entered the Ecumenical Temple
  6665 | Temple   | Became a worshipper of Vehumet
  6924 | D:6      | Found a burning altar of Makhleb.
  7518 | D:7      | Found an ancient bone altar of Kikubaaqudgha.
  7758 | D:7      | Reached skill level 5 in Fighting
  8134 | D:8      | Noticed Pikel
  8148 | D:8      | Killed Pikel
  8148 | D:8      | Reached XP level 9. HP: 49/74 MP: 17/19
  8291 | D:8      | Learned a level 5 spell: Blade Hands
  8636 | D:8      | Reached * piety under Vehumet
  8636 | D:8      | Offered knowledge of Magic Dart by Vehumet.
  8706 | D:8      | Reached skill level 5 in Unarmed Combat
  8834 | D:8      | You fall through a shaft!
  8835 | D:9      | Noticed Joseph
  8866 | D:9      | Killed Joseph
  9826 | D:8      | Found a deep blue altar of Sif Muna.
 10184 | D:9      | Found Aloenn's Distillery.
 10189 | D:9      | Bought a potion of heal wounds for 70 gold pieces
 10212 | D:9      | Reached XP level 10. HP: 74/81 MP: 19/22
 10299 | D:9      | Noticed Grum
 10307 | D:9      | Killed Grum
 10402 | D:9      | Reached skill level 1 in Shields
 10618 | D:9      | Reached ** piety under Vehumet
 10911 | D:9      | Found a staircase to the Lair.
 11308 | D:10     | Entered Level 10 of the Dungeon
 11316 | D:10     | Offered knowledge of Sandblast by Vehumet.
 11781 | D:10     | Noticed a two-headed ogre
 11789 | D:10     | Killed a two-headed ogre
 11789 | D:10     | Reached skill level 10 in Transmutations
 11811 | D:10     | Found an opulent altar of Gozag.
 11904 | D:10     | Offered knowledge of Searing Ray by Vehumet.
 11938 | D:10     | Reached *** piety under Vehumet
 12264 | D:10     | Found a staircase to the Orcish Mines.
 12582 | D:10     | Offered knowledge of Stone Arrow by Vehumet.
 12582 | D:10     | Reached skill level 10 in Spellcasting
 12582 | D:10     | Reached XP level 11. HP: 51/86 MP: 22/25
 12591 | D:10     | Noticed Erolcha
 12598 | D:10     | Killed from afar by Erolcha

Skill      XL: |  1  2  3  4  5  6  7  8  9 10 |
---------------+-------------------------------+-----
Dodging        | 2 |  2.2
Unarmed Combat | 4 5 6 |  6.0
Spellcasting   | 3 4 5 7 8 10 | 10.0
Transmutations | 3 4 5 7 9 10 | 10.7
Fighting       | 2 3 4 5 |  5.0
Shields        | 3 |  3.7
Polearms       | |  0.7

Action                   |  1- 3 |  4- 6 |  7- 9 | 10-12 || total
-------------------------+-------+-------+-------+-------++-------
Melee: Unarmed           |    89 |     9 |   261 |   179 ||   538
       Tailslap          |    12 |     7 |     3 |     7 ||    29
       Kick              |     2 |       |       |       ||     2
       Spear             |    75 |   136 |    35 |       ||   246
       Punch             |       |     1 |     2 |     4 ||     7
       Trident           |       |       |    44 |    16 ||    60
Throw: Tomahawk          |       |       |     2 |       ||     2
 Cast: Beastly Appendage |     3 |       |       |       ||     3
       Sticks to Snakes  |    14 |    42 |     8 |       ||    64
       Spider Form       |       |     1 |    30 |     5 ||    36
       Blade Hands       |       |       |     6 |    16 ||    22
  Use: Scroll            |     3 |     3 |     4 |       ||    10
       Potion            |       |     1 |     4 |     1 ||     6
 Stab: Sleeping          |     1 |     2 |     2 |       ||     5
       Distracted        |       |       |     1 |       ||     1
  Eat: Chunk             |     5 |     7 |    16 |     9 ||    37
       Ration            |       |     1 |     2 |     3 ||     6
Armor: Skin              |    44 |    38 |    42 |    36 ||   160
Dodge: Dodged            |    86 |    80 |   238 |   118 ||   522
